Map: Abyssal Reef LE

Players

ScaMFanBoi

  • Race: Zerg Zerg
  • League: Master
  • Spawn Location: 11:00

Maplez - Winner!

  • Race: Protoss Protoss
  • League: Grandmaster
  • Spawn Location: 5:00

VOD

Have the link to the VOD?

Description

Time

  • Played on: June 26, 2017, 2:06 p.m.
  • Length: 8:12
Show
View Real Time Build Order
Export as new Build Order

ScaMFanBoi Zerg 

Build Orders: Pool First 

Get SALT Encoding   

  12  0:01  Drone  
  13  0:09  Drone  
  14  0:18  Overlord  
  14  0:37  Drone x3  
  17  0:59  Spawning Pool  
  17  1:02  Extractor  
  15  1:17  Hatchery  
  14  1:46  Zergling x6  
  17  1:49  Roach Warren  
  16  1:54  Queen  
  18  2:03  Zergling x2  
  19  2:18  Overlord  
  19  2:29  Roach  
  21  2:40  Roach  
  23  2:51  Roach x3  
  27  3:01  Metabolic Boost  
  27  3:21  Overlord  
  26  3:34  Overlord  
  25  3:42  Zergling x8  
  26  3:48  Ravager x2  
  26  3:53  Zergling x2  
  28  4:08  Zergling x2  
  29  4:13  Ravager  
  29  4:16  Zergling x4  
  29  4:17  Zergling x2  
  32  4:43  Zergling x10  
  30  5:09  Zergling x6  
  33  5:16  Zergling x6  
  33  5:28  Roach  
  31  5:40  Roach x2  
  34  5:53  Roach  
  33  6:12  Ravager x3  
  33  6:17  Zergling x2  
  37  6:18  Overlord  
  37  6:38  Zergling x8  
  41  6:51  Roach  
  41  6:52  Roach  
  42  7:04  Zergling x2  
  42  7:05  Zergling x4  
  40  7:18  Zergling x2  
  34  7:27  Roach x2  
  37  7:39  Roach x2  
  41  7:53  Ravager  
Show
View Real Time Build Order
Export as new Build Order

Maplez Protoss - Winner!

Build Orders: 1 Gate Expand 

Get SALT Encoding   

  12  0:00  Probe (Chrono Boost)  
  13  0:11  Probe (Chrono Boost)  
  14  0:19  Pylon  
  14  0:22  Probe (Chrono Boost)  
  15  0:37  Probe (Chrono Boost)  
  15  0:39  Gateway  
  16  0:48  Probe (Chrono Boost)  
  16  0:49  Assimilator  
  17  0:59  Probe (Chrono Boost)  
  18  1:05  Pylon  
  18  1:14  Probe (Chrono Boost)  
  19  1:28  Nexus  
  19  1:35  Probe (Chrono Boost)  
  20  1:42  Zealot (Chrono Boost)  
  20  1:46  Probe  
  23  1:57  Cybernetics Core  
  23  2:10  Pylon  
  23  2:28  Probe, Zealot (Chrono Boost)  
  26  2:35  Warp Gate  
  26  2:41  Mothership Core  
  23  3:00  Pylon  
  23  3:05  Stalker (Chrono Boost)  
  18  3:13  Probe  
  16  3:22  Probe  
  16  3:23  Gateway  
  17  3:38  Probe  
  17  4:02  Adept (Chrono Boost)  
  19  4:06  Probe (Chrono Boost)  
  20  4:12  Probe (Chrono Boost)  
  21  4:17  Probe (Chrono Boost)  
  21  4:23  Probe (Chrono Boost)  
  23  4:27  Probe (Chrono Boost)  
  22  4:39  Sentry, Zealot  
  26  4:51  Probe (Chrono Boost)  
  24  5:04  Zealot x2  
  27  5:14  Probe  
  25  5:22  Sentry  
  25  5:23  Zealot  
  26  5:30  Probe  
  26  5:31  Probe  
  28  5:41  Zealot  
  28  5:42  Probe  
  31  5:51  Stalker  
  31  5:52  Probe  
  34  5:57  Pylon  
  34  6:00  Probe  
  35  6:07  Zealot  
  35  6:09  Probe  
  38  6:15  Probe  
  39  6:20  Stalker  
  41  6:27  Pylon  
  41  6:34  Pylon  
  41  6:55  Pylon, Sentry, Zealot  
  41  6:56  Probe  
  41  7:00  Assimilator  
  47  7:06  Probe  
  45  7:08  Probe  
  46  7:18  Zealot x2  
  46  7:20  Probe  
  46  7:29  Mothership Core (Chrono Boost)  
  47  7:40  Probe (Chrono Boost)  
  48  7:46  Pylon  
  48  7:47  Pylon  
  48  7:48  Pylon  
  48  7:59  Pylon  
  50  8:05  Zealot  
  50  8:06  Zealot  
Tags
 
Add a new tag
Caveats
  • Supply blocks, unpowered buildings, or Contaminate may cause inaccurate times.
  • Supply counts are checked every 10 seconds.